[Event "*** Titled Tuesday 3|2 Blitz"]
[Site "Chess.com"]
[Date "2016.03.01"]
[Round "1"]
[White "AlexanderL"]
[Black "Titus369"]
[Result "1/2-1/2"]
[WhiteElo "2574"]
[BlackElo "2297"]
[TimeControl "180+2"]
[EndTime "17:10:05 PST"]
[Termination "Game drawn by agreement"]

1. d4 d5 2. c4 e6 3. Nc3 Nf6 4. cxd5 exd5 5. Bg5 c6 6. Qc2 Be7 7. e3 O-O 8. Bd3 Nbd7 9. Nf3 Re8 10. O-O Nf8 11. Rab1 a5 12. Rbe1 g6 13. Ne5 Ne6 14. Bh6 Ng7 15. f3 Bf5 16. g4 Bxd3 17. Qxd3 Nd7 18.
f4 Nxe5 19. dxe5 f6 20. f5 fxe5 21. fxg6 Bg5 22. gxh7+ Kh8 23. Bxg7+ Kxg7 24. Qf5 Qe7 25. h4 Bxh4 26. Qh5 Bxe1 27. Rxe1 Qf7 28. Qg5+ Qg6 29. h8=Q+ Rxh8 30. Qxe5+ Kg8 31. Qg3 Rf8 32. Ne2 Qh7 33. Qg2 Qh3 34. Nf4 Qxg2+ 35. Kxg2 Rh7 36. Kg3 Re8 37. Nh5 Rf7 38. g5 Re5 39. Nf6+ Kg7 40.
Kf4 Re6 41. Rh1 Rfxf6+ 42. gxf6+ Kxf6 43. Rh6+ Ke7 44. Rh7+ Kd6 45. Rxb7 Re4+ 46. Kf3 Rc4 47. Ke2 Rc2+ 48. Kd3 Rc4 49. b3 Rh4 50. Ra7 Rh2 51.
Rxa5 Kc7 52. b4 Kb6 53. a3 Rb2 54. Rc5 Rb3+ 55. Rc3 Rb1 56. Kd4 Rh1 57. a4 Rh4+ 58. Ke5 Rxb4 59. Kd6 Rc4 60. Rb3+ Ka5 61. Rb7 Kxa4 62.
Rb6 Re4 1/2-1/2

[Event "*** Titled Tuesday 3|2 Blitz"]
[Site "Chess.com"]
[Date "2016.03.01"]
[Round "1"]
[White "jk13"]
[Black "FrankieJay"]
[Result "0-1"]
[WhiteElo "2430"]
[BlackElo "2239"]
[TimeControl "180+2"]
[EndTime "17:10:31 PST"]
[Termination "FrankieJay won by resignation"]

1. e4 c6 2. Nc3 d5 3. Nf3 Bg4 4. h3 Bxf3 5. Qxf3 e6 6. a3 Nf6 7.
d3 Be7 8. g3 O-O 9. Bg2 Nbd7 10. O-O Qb6 11. Qe2 Rfe8 12. Kh1 dxe4 13. dxe4 e5 14.
Rb1 Nc5 15. Be3 Qc7 16. Rbd1 Rad8 17. h4 Ne6 18. Qc4 Ng4 19. Rxd8 Rxd8 20. Bc1 Qb6 21. Qe2 Nf6 22. b4 Nd4 23. Qc4 a5 24. Na4 Qb5 25. Qxb5 cxb5 26. Nb6 axb4 27. axb4 Nxc2 28.
Bg5 Nxb4 29. Rb1 Bc5 30. Bxf6 gxf6 31. Nd5 Nxd5 32. exd5 Bxf2 33. Kh2 b6 34. Be4 Rc8 35. Rf1 Rc4 36. Bf5 Bc5 37. Rd1 Rd4 38. Rxd4 exd4 39. Kg2 h6 40. Kf3 Kf8 41. Kg4 Bb4 42. Kh5 Bd2 43.
Bd3 b4 44. Kg4 Ke7 45. Kf5 Be1 46. Kf4 Kd6 47. Be4 f5 48. Kxf5 Bxg3 49. h5 Be5 50. Bc2 Kxd5 51. Bb3+ Kd6 52. Bxf7 d3 53. Ke4 d2 54.
Bb3 Bc3 55. Kd3 Ke5 56. Kc2 Kf4 57. Kd3 Kg5 58. Bd1 Kf4 59. Kc2 Ke3 60. Kb3 Kd3 61.
Bg4 b5 62. Bd1 Ke3 63. Kc2 Kf2 64. Bg4 Ke1 65. Bf3 Bf6 66. Bg4 Be7 67. Bf3 b3+ 68. Kxb3 d1=Q+ 69. Bxd1 Kxd1 70. Kc3 b4+ 71. Kb3 Kd2 0-1

[Event "*** Titled Tuesday 3|2 Blitz"]
[Site "Chess.com"]
[Date "2016.03.01"]
[Round "1"]
[White "Tesla17"]
[Black "Dlugy"]
[Result "0-1"]
[WhiteElo "2290"]
[BlackElo "2608"]
[TimeControl "180+2"]
[EndTime "17:11:29 PST"]
[Termination "Dlugy won by resignation"]

1. d4 Nf6 2. c4 g6 3. Nc3 Bg7 4. e4 d6 5. Be2 O-O 6. Nf3 e5 7.
O-O exd4 8. Nxd4 Re8 9. f3 c6 10. Bg5 Qb6 11. Kh1 Nbd7 12. Nb3 a5 13. Rb1 a4 14.
Nd4 Nc5 15. Be3 Qa5 16. Qd2 Bd7 17. Rfd1 Rad8 18. Bf1 Bc8 19. Nce2 Qxd2 20. Rxd2 d5 21. cxd5 cxd5 22. Nb5 Ne6 23. e5 Nd7 24. f4 Ndc5 25. Nd6 Ne4 26. Nxe8 Nxd2 27. Bxd2 Rxe8 28. Rc1 Bd7 29. Nc3 Bc6 30. Bb5 Ra8 31. Kg1 f6 32. exf6 Bxf6 33. Bd3 Nc5 34. Bb1 Rd8 35. Re1 Kf7 36. Kf2 b5 37. g3 b4 38. Nd1 b3 39.
a3 Ne4+ 40. Bxe4 dxe4 41. Bc3 Bb5 42. Ke3 Bc6 43. Bxf6 Rd3+ 44. Ke2 Kxf6 45. Nc3 Kf5 46. Rd1 Kg4 47. Rxd3 exd3+ 48. Kxd3 Kh3 49. Ke2 Kxh2 50. Kf2 Kh3 51. Ne2 Kg4 52. Nd4 Bd7 53. Nf3 Kf5 54. Ne5 Bb5 55. Kf3 h5 56. Ke3 g5 57.
Nf3 gxf4+ 58. gxf4 Kg4 59. Ne5+ Kg3 60. f5 h4 61. f6 Be8 62. Nf3 h3 63. Ke4 Bg6+ 64.
Ke3 Bh5 65. Ng5 h2 66. Ne4+ Kg2 67. Nf2 Bg6 68. Nh1 Bf7 69. Nf2 Bg6 70. Nh1 Be8 71. Nf2 h1=Q 72. Nxh1 Kxh1 73. Kd4 Kg2 74. Kc5 Kf2 75. Kb4 Ke2 76. f7 Bxf7 77. Kxa4 Kd3 78. Kb4 Kc2 79. a4 Kxb2 80. a5 Bd5 81. Kc5 Ba8 0-1

[Event "*** Titled Tuesday 3|2 Blitz"]
[Site "Chess.com"]
[Date "2016.03.01"]
[Round "1"]
[White "Kanthecarowin"]
[Black "TheLancer"]
[Result "1/2-1/2"]
[WhiteElo "2192"]
[BlackElo "2406"]
[TimeControl "180+2"]
[EndTime "17:11:44 PST"]
[Termination "Game drawn by stalemate"]

1. d4 Nf6 2. c4 e6 3. Nc3 Bb4 4. Qc2 Nc6 5. Nf3 d6 6. e4 e5 7. d5 Bxc3+ 8. bxc3 Nb8 9. Ng1 Na6 10. Bd3 Nc5 11. Ne2 O-O 12. O-O Nh5 13. f4 exf4 14. Nxf4 Nxf4 15. Bxf4 f6 16. Rae1 Bd7 17. Bg3 Be8 18.
Bf2 Nxd3 19. Qxd3 Bg6 20. Bd4 b6 21. Qh3 Qc8 22. Qg3 Qa6 23. Qd3 Rae8 24. Rf2 Re7 25.
h4 Qc8 26. Rfe2 Qg4 27. Qh3 Qxh3 28. gxh3 Rfe8 29. e5 fxe5 30. Bf2 Bd3 31. Rd2 Bxc4 32. Re4 Ba6 33. Be3 Bc8 34. Kg2 Rf7 35. Rc4 a5 36.
Re4 Ref8 37. Bg5 Rf3 38. Re3 Bxh3+ 39. Kh2 Rxe3 40. Bxe3 Bd7 41. Kg3 h5 42. Bg5 Bg4 43. c4 Rf3+ 44. Kg2 Rc3 45. Bd8 Rxc4 46. Rf2 e4 47. Rf4 Bf3+ 48. Kf2 Rc2+ 49. Ke3 Rc3+ 50. Kd4 Rd3+ 51. Kc4 g6 52. Be7 Be2 53. Rxe4 Re3+ 54. Kd4 Rd3+ 55. Kc4 Re3+ 56. Kd4 Rxe4+ 57. Kxe4 Kf7 58.
Bd8 Ke8 59. Bxc7 b5 60. Bxa5 Bg4 61. Bb4 Bf5+ 62. Kf4 Kd7 63. Kg5 Be4 64. Kf6 Bxd5 65. Kxg6 Bf3 66. Kg5 Kc6 67. a3 Kd5 68. Kf4 Bg4 69. Ke3 Ke5 70. Kd3 d5 71. Ke3 d4+ 72. Kd2 Bf5 73. Be7 Ke4 74. Bb4 Kf3 75. Be7 Kg4 76. Bg5 Be4 77. Be7 Kf5 78. Bg5 Ke6 79.
Bd8 Kd5 80. Be7 Kc4 81. Bb4 Bf3 82. Be7 Bg4 83. Bb4 Kd5 84. Be7 Bf5 85. Bg5 Ke6 86.
Bd8 Ke5 87. Ba5 Kf4 88. Bc7+ Kg4 89. Bd8 Be4 90. Bf6 Bf5 91. Bg5 Be4 92. Bf6 Bb1 93.
Bxd4 Kxh4 94. Kc3 Be4 95. a4 bxa4 96. Kb4 Bc2 97. Ba7 Kg3 98. Ka3 h4 99. Bb8+ Kf3 100. Bc7 h3 101. Bb8 Kg2 102. Bc7 h2 103. Bxh2 Kxh2 104.
Kb2 Bb3 105. Ka1 Kg3 106. Kb1 Kf4 107. Ka1 Ke4 108. Kb1 Kd4 109. Ka1 Kc4 110. Kb1 Kb4 111. Ka1 Ka3 112. Kb1 Bc2+ 113. Ka1 Bb3 114. Kb1 Bc4 115. Ka1 Kb4 116. Kb1 a3 117. Ka1 Kc3 118. Kb1 Bb3 119. Ka1 Ba4 120. Kb1 Kb4 121. Ka1 Bb5 122. Kb1 Bd3+ 123. Ka1 Be4 124. Ka2 Ka4 125. Ka1 Kb3 1/2-1/2

[Event "*** Titled Tuesday 3|2 Blitz"]
[Site "Chess.com"]
[Date "2016.03.01"]
[Round "2"]
[White "TheMagician"]
[Black "josiwales"]
[Result "0-1"]
[WhiteElo "2145"]
[BlackElo "2100"]
[TimeControl "180+2"]
[EndTime "17:15:40 PST"]
[Termination "josiwales won by checkmate"]

1. e4 c5 2. Nf3 Nc6 3. Bb5 Na5 4. Be2 a6 5. O-O b5 6. c3 Bb7 7. e5 e6 8. d4 c4 9. Ng5 Be7 10. Bf3 Bxg5 11. Bxb7 Nxb7 12. Bxg5 Qxg5 13. Nd2 Ne7 14. Ne4 Qg6 15. Qf3 O-O 16. a4 Nd5 17. axb5 axb5 18. Rab1 Na5 19. Nc5 Nb3 20. Nxd7 Nd2 21. Qg3 Nxb1 22.
Nxf8 Qxg3 23. hxg3 Kxf8 24. Rxb1 Ra2 25. g4 Nb6 26. g3 Na4 27. d5 exd5 28. Rd1 Rxb2 29. Rxd5 Nxc3 30. Rc5 Na4 31. Rc7 c3 32. Kg2 c2 33. Kh3 b4 34. f4 Nc3 35. f5 c1=Q 36. f6 Qh1# 0-1

[Event "*** Titled Tuesday 3|2 Blitz"]
[Site "Chess.com"]
[Date "2016.03.01"]
[Round "2"]
[White "evgenyermolaev"]
[Black "AlexanderL"]
[Result "0-1"]
[WhiteElo "2090"]
[BlackElo "2576"]
[TimeControl "180+2"]
[EndTime "17:15:47 PST"]
[Termination "AlexanderL won by resignation"]

1. e4 e6 2. d4 d5 3. Nc3 Nf6 4. e5 Nfd7 5. Nf3 c5 6. dxc5 Nc6 7. Bf4 Nxc5 8. Bd3 Be7 9. O-O O-O 10. Ne2 f6 11. exf6 Bxf6 12. c3 Nxd3 13. Qxd3 e5 14. Nxe5 Bxe5 15. Be3 Bf5 16. Qb5 a6 17. Qxb7 Na5 18.
Qb4 Rb8 19. Qa3 Nc4 20. Qxa6 Rxb2 21. Nd4 Nxe3 22. fxe3 Bxh2+ 23. Kxh2 Qh4+ 24. Kg1 Rxg2+ 25. Kxg2 Bh3+ 0-1

[Event "*** Titled Tuesday 3|2 Blitz"]
[Site "Chess.com"]
[Date "2016.03.01"]
[Round "2"]
[White "gumersindo"]
[Black "thegreendog"]
[Result "0-1"]
[WhiteElo "2323"]
[BlackElo "2242"]
[TimeControl "180+2"]
[EndTime "17:16:08 PST"]
[Termination "thegreendog won by resignation"]

1. d4 d5 2. c4 c6 3. Nc3 Nf6 4.
Nf3 dxc4 5. a4 Bf5 6. Ne5 Nbd7 7. Nxc4 Nb6 8. Ne5 a5 9. f3 Nfd7 10. Nxd7 Qxd7 11. e4 Bg6 12. Be3 e6 13. d5 Nc8 14.
dxc6 Qxd1+ 15. Rxd1 bxc6 16. Bc4 Rb8 17. b3 Bb4 18.
Kd2 Ke7 19. Kc2 Nb6 20. Be2 Nd7 21. Na2 Bd6 22. Bd2 Bc7 23. Bc3 f5 24. Bxg7 Rhg8 25. Bc3 fxe4 26. Kb2 Nc5 27. Bc4 Nxa4+ 28. Ka3 Nxc3 29.
Nxc3 exf3 30. gxf3 Bd6+ 31. Ka2 Be5 32. Ne4 Bxe4 33.
fxe4 Rg2+ 34. Kb1 a4 35. Rd3 a3 0-1

[Event "*** Titled Tuesday 3|2 Blitz"]
[Site "Chess.com"]
[Date "2016.03.01"]
[Round "2"]
[White "GMHess"]
[Black "Kanthecarowin"]
[Result "1-0"]
[WhiteElo "2627"]
[BlackElo "2191"]
[TimeControl "180+2"]
[EndTime "17:16:55 PST"]
[Termination "GMHess won by resignation"]

1. b3 e6 2. Bb2 Nf6 3. Nf3 g6 4. e3 Bg7 5. d4 O-O 6. Be2 d5 7. O-O c5 8. dxc5 Nbd7 9. b4 a5 10. a3 Ne4 11. Bxg7 Kxg7 12. c3 Qf6 13. Qd4 Qxd4 14.
exd4 f5 15. Nfd2 Ndf6 16. f3 Nxd2 17. Nxd2 g5 18. Nb3 a4 19. Na5 g4 20. fxg4 fxg4 21.
Bb5 Ne4 22. Rxf8 Kxf8 23. Rc1 Ke7 24. Bxa4 Bd7 25. Bxd7 Kxd7 26. c4 Kc7 27. Rf1 dxc4 28. Rf7+ 1-0

[Event "*** Titled Tuesday 3|2 Blitz"]
[Site "Chess.com"]
[Date "2016.03.01"]
[Round "2"]
[White "Recombinant"]
[Black "jk13"]
[Result "0-1"]
[WhiteElo "2211"]
[BlackElo "2438"]
[TimeControl "180+2"]
[EndTime "17:17:35 PST"]
[Termination "jk13 won by resignation"]

1. d4 Nf6 2. c4 e6 3. Nc3 Bb4 4. e3 O-O 5. Ne2 d5 6. a3 Be7 7.
Nf4 c6 8. Bd3 Nbd7 9. cxd5 exd5 10. O-O Re8 11. Qf3 Nf8 12. h3 Ng6 13. b4 Bd6 14. Nxg6 hxg6 15. Bb2 Be6 16. Rfe1 Qd7 17. Na4 b6 18. Nc3 a6 19. e4 dxe4 20.
Nxe4 Nxe4 21. Bxe4 Bd5 22. Rac1 Rxe4 23. Rxe4 f5 24.
Qe2 Bxe4 25. d5 Bxd5 26. Qd2 b5 27. Qd4 Bf8 28. Rd1 Re8 29. Qb6 Qe6 30. Bd4 Qe4 31. f3 Qc2 32. Rf1 Re2 33. Rf2 Rxf2 34. Bxf2 Qc1+ 35. Kh2 Qxa3 36. Bc5 Bxc5 37. bxc5 Qe3 38. Qd8+ Kf7 0-1

[Event "*** Titled Tuesday 3|2 Blitz"]
[Site "Chess.com"]
[Date "2016.03.01"]
[Round "2"]
[White "oskariot"]
[Black "Quiet_Desperation"]
[Result "1-0"]
[WhiteElo "2315"]
[BlackElo "2229"]
[TimeControl "180+2"]
[EndTime "17:17:47 PST"]
[Termination "oskariot won by resignation"]

1. e4 e6 2. d4 d5 3. Nd2 Nf6 4. e5 Nfd7 5. f4 c5 6. c3 Nc6 7. Ndf3 Qb6 8. a3 cxd4 9. cxd4 f6 10. Bd3 Be7 11. Ne2 O-O 12. b4 fxe5 13. fxe5 Ndxe5 14. dxe5 Nxe5 15. Nxe5 Qf2+ 16. Kd2 Bf6 17. Bb2 Bd7 18. Nxd7 Bg5+ 19. Kc2 Rfc8+ 20. Kb3 a5 21. Rf1 Qe3 22. Rf3 Qa7 23. Bd4 b6 24. Nxb6 a4+ 25. Kb2 Bf6 26.
Rxf6 gxf6 27. Nxc8 1-0

[Event "*** Titled Tuesday 3|2 Blitz"]
[Site "Chess.com"]
[Date "2016.03.01"]
[Round "2"]
[White "kikydu96"]
[Black "Tesla17"]
[Result "0-1"]
[WhiteElo "2260"]
[BlackElo "2301"]
[TimeControl "180+2"]
[EndTime "17:18:11 PST"]
[Termination "Tesla17 won by resignation"]

1. e4 c5 2. Nf3 g6 3. c3 Bg7 4. d4 cxd4 5. cxd4 d5 6. e5 Bg4 7.
h3 Bxf3 8. Qxf3 Nc6 9. Be3 e6 10. Nc3 Nge7 11. Bd3 Qb6 12. O-O O-O 13. Ne2 Qxb2 14.
Rfb1 Qa3 15. Rxb7 Qxd3 16. Rc1 Qa6 17. Rc7 Rac8 18. Rxc8 Rxc8 19. h4 Nf5 20. h5 Na5 21. Rxc8+ Qxc8 22. g4 Nxe3 23. fxe3 Qc2 24. Ng3 Nc4 25. g5 Qc1+ 26. Kf2 Qd2+ 27. Ne2 gxh5 28. Qf4 Qd3 29. Ng3 Qg6 30. e4 h6 31. exd5 hxg5 32. Qf3 g4 33. Qf4 exd5 34. Nf5 Bf8 35. Nh4 Qc2+ 36. Ke1 Qe4+ 37. Qxe4 dxe4 38. Nf5 Kh7 39. Ng3 e3 40. Nxh5 Kg6 41. Nf6 Kf5 42. Ke2 Bh6 43. Ng8 Bg5 44. Kd3 Nb6 45. Ke2 Ke4 0-1

[Event "*** Titled Tuesday 3|2 Blitz"]
[Site "Chess.com"]
[Date "2016.03.01"]
[Round "2"]
[White "pedromartinez91"]
[Black "chessdude"]
[Result "0-1"]
[WhiteElo "2315"]
[BlackElo "2384"]
[TimeControl "180+2"]
[EndTime "17:18:56 PST"]
[Termination "chessdude won by resignation"]

1. e4 e5 2. Nf3 Nc6 3. Bb5 a6 4. Ba4 Nf6 5. O-O Be7 6. d3 b5 7.
Bb3 d6 8. c3 O-O 9. h3 Nb8 10.
Nbd2 Nbd7 11. Re1 Bb7 12. a4 Nc5 13. Bc2 Nxa4 14. Bxa4 bxa4 15. Rxa4 Nd7 16. d4 exd4 17. cxd4 Bc6 18. Ra1 Bb5 19. Nf1 c5 20. Ng3 Re8 21. Nf5 Bf8 22. Bg5 Qc7 23. dxc5 Nxc5 24. Rc1 Qb7 25.
Nxd6 Bxd6 26. Qxd6 Nxe4 27. Qc7 Qxc7 28. Rxc7 Nxg5 29.
Nxg5 Rxe1+ 30. Kh2 f6 31. Nf3 Ree8 32. Rc2 Rac8 0-1

[Event "*** Titled Tuesday 3|2 Blitz"]
[Site "Chess.com"]
[Date "2016.03.01"]
[Round "2"]
[White "Goala"]
[Black "Rating-Schmating"]
[Result "1-0"]
[WhiteElo "2222"]
[BlackElo "2290"]
[TimeControl "180+2"]
[EndTime "17:19:28 PST"]
[Termination "Goala won by resignation"]

1. d4 e6 2. c4 Nf6 3. Nf3 Bb4+ 4. Nbd2 b6 5. g3 Bb7 6. Bg2 c5 7. a3 Bxd2+ 8. Qxd2 Qc7 9. O-O cxd4 10. Qxd4 Nc6 11.
Qh4 Ne7 12. Bg5 Ng6 13. Qd4 Qd8 14. Rfd1 Qe7 15. Rac1 Rd8 16. h4 d5 17. h5 e5 18.
Qd2 Nf8 19. h6 gxh6 20. Bxh6 Ne6 21. Nxe5 dxc4 22. Qc3 Bxg2 23. Kxg2 Ne4 24. Qxc4 Rxd1 25. Rxd1 Nd6 26. Qd5 Qb7 27. Nc6 Kd7 28. Qxd6+ Kc8 29.
f3 Nc5 30. Ne7+ 1-0

[Event "*** Titled Tuesday 3|2 Blitz"]
[Site "Chess.com"]
[Date "2016.03.01"]
[Round "2"]
[White "JustKid"]
[Black "Kawhi_Leonard2"]
[Result "1/2-1/2"]
[WhiteElo "2120"]
[BlackElo "2059"]
[TimeControl "180+2"]
[EndTime "17:19:45 PST"]
[Termination "Game drawn by repetition"]

1. d4 Nf6 2. c4 e6 3. Nf3 d5 4.
g3 Be7 5. Bg2 O-O 6. O-O dxc4 7.
Ne5 Nc6 8. Bxc6 bxc6 9. Nxc6 Qd6 10. Nxe7+ Qxe7 11. Qa4 e5 12. dxe5 Qxe5 13. Qxc4 Be6 14.
Qd3 Rfd8 15. Qe3 Qa5 16. f3 Rab8 17. Nc3 h6 18. Qf2 Bc4 19. Re1 Nd5 20. Nxd5 Rxd5 21. e4 Rd3 22. b3 Be6 23. Bf4 Rb7 24. Red1 Qb5 25. Rxd3 Qxd3 26. Rc1 f5 27. exf5 Qxf5 28. Rxc7 Rxc7 29. Bxc7 Bd5 30. Kg2 g5 31. h3 h5 32.
Qe2 g4 33. hxg4 hxg4 34. Qe8+ Kh7 35. Qe7+ Kg6 36. Qd6+ Kh7 37. Qe7+ Kg6 38. Qe8+ Kh7 39. Qe7+ Kg6 40. Qd6+ Kh7 41. Qe7+ Kg6 42. Qe8+ Kh7 43.
Qe7+ 1/2-1/2

[Event "*** Titled Tuesday 3|2 Blitz"]
[Site "Chess.com"]
[Date "2016.03.01"]
[Round "2"]
[White "Shivagami"]
[Black "ethylalcohol"]
[Result "1-0"]
[WhiteElo "1811"]
[BlackElo "1690"]
[TimeControl "180+2"]
[EndTime "17:19:46 PST"]
[Termination "Shivagami won on time"]

1. e4 e5 2. Nc3 Nf6 3. Bc4 Bc5 4. d3 O-O 5. f4 d5 6. Nxd5 Ng4 7. Nh3 Qh4+ 8. Kd2 c6 9. Nc7 exf4 10. Nxa8 Ne3 11. Qe1 Nxc4+ 12. Kc3 Qf6+ 13. Kb3 Na5+ 14. Qxa5 Be6+ 15.
c4 Na6 16. Nc7 Bb4 17. Qg5 Qd4 18. Nxa6 bxa6 19. Kc2 Bxh3 20. gxh3 Qf2+ 21. Kb3 Qe2 22. Kxb4 Qxd3 23. Bxf4 a5+ 24. Kxa5 Qxc4 25. Rac1 Qxa2+ 26.
Kb4 a5+ 27. Kc3 Qa4 28. Qc5 Rb8 29. Bxb8 1-0

[Event "*** Titled Tuesday 3|2 Blitz"]
[Site "Chess.com"]
[Date "2016.03.01"]
[Round "2"]
[White "Fins0905"]
[Black "FairChess_on_YouTube"]
[Result "0-1"]
[WhiteElo "2440"]
[BlackElo "2747"]
[TimeControl "180+2"]
[EndTime "17:19:48 PST"]
[Termination "FairChess_on_YouTube won on time"]

1. d4 d5 2. c4 c6 3. Nf3 Nf6 4. Qc2 dxc4 5. Qxc4 Bf5 6. g3 e6 7. Bg2 Be7 8. O-O O-O 9. e3 Na6 10. a3 Nc7 11. Rd1 Qd5 12. Qe2 Qb5 13. Qxb5 Nxb5 14. Nc3 Nxc3 15. bxc3 Nd5 16. Bd2 Nb6 17. Bf1 Na4 18. c4 c5 19. Ne5 Rac8 20. d5 f6 21. Nf3 exd5 22. cxd5 Be4 23. d6 Bxd6 24. Nh4 Be5 25. Rac1 Nb2 26. Re1 Nd3 27. Rc4 f5 28. Bxd3 Bxd3 29. Ra4 a6 30. Nf3 Bf6 31. Rc1 Be4 32.
Ne1 Rfd8 33. Ba5 Rd7 34. f3 Bd5 35. Rf4 Bg5 0-1

[Event "*** Titled Tuesday 3|2 Blitz"]
[Site "Chess.com"]
[Date "2016.03.01"]
[Round "2"]
[White "jcibarra"]
[Black "SenseiJulio"]
[Result "0-1"]
[WhiteElo "2490"]
[BlackElo "2628"]
[TimeControl "180+2"]
[EndTime "17:19:49 PST"]
[Termination "SenseiJulio won by resignation"]

1. e4 e6 2. d4 d5 3. Bd3 Be7 4. e5 c5 5. c3 Nc6 6. Ne2 f6 7.
f4 Nh6 8. O-O cxd4 9. cxd4 Qb6 10. Nbc3 Nxd4 11. Nxd4 Qxd4+ 12. Kh1 Qb6 13. Qh5+ Nf7 14.
exf6 Bxf6 15. f5 a6 16. Re1 Qf2 17. Bg5 g6 18. fxg6 hxg6 19. Qxg6 Qg3 20. h3 Qxg5 21.
Nxd5 Qxd5 22. Qxf6 Rxh3+ 23. Kg1 Rxd3 24. Rf1 Qd4+ 25.
Qxd4 Rxd4 26. Rf3 Bd7 27. Raf1 Bb5 28. R1f2 Rd1+ 29. Kh2 Rd7 30. Rg3 O-O-O 0-1

[Event "*** Titled Tuesday 3|2 Blitz"]
[Site "Chess.com"]
[Date "2016.03.01"]
[Round "2"]
[White "dretch"]
[Black "GM_Huschenbeth"]
[Result "1-0"]
[WhiteElo "2548"]
[BlackElo "2379"]
[TimeControl "180+2"]
[EndTime "17:20:04 PST"]
[Termination "dretch won on time"]

1. d4 Nf6 2. c4 e6 3. Nc3 Bb4 4. Qc2 b6 5. Bg5 Bb7 6. e3 h6 7. Bh4 g5 8. Bg3 Ne4 9. Ne2 Bxc3+ 10. Nxc3 Nxc3 11. Qxc3 d6 12. h4 g4 13. d5 Rg8 14.
O-O-O e5 15. h5 Nd7 16. Bh4 Qc8 17. Bd3 Nc5 18. Bh7 Rg7 19. Bc2 a5 20. Bf6 Rg8 21. Bh7 Rf8 22. Bg7 Qd8 23. Bxf8 Kxf8 24. Bc2 Qg5 25. Kb1 a4 26. f4 gxf3 27. gxf3 Ke7 28. f4 Qf6 29. Rhf1 e4 30. Qd4 Bc8 31. Bxe4 Bg4 32.
Rd2 Qxd4 33. Rxd4 Bxh5 34. Bc2 a3 35. f5 Kf6 36. Rh1 Be2 37. Rxh6+ Ke5 38. Rh2 Bf3 39.
Rf2 Be4 40. b4 Bxc2+ 41. Kxc2 Ne4 42. Rf4 Nf6 43. Kb3 Rg8 44. Kxa3 Rg3 45. Rd3 Ng4 46. Ka4 Nxe3 47. Rf2 Ke4 48. Rc3 Kd4 49. Rc1 Nxc4 50.
Rf4+ Kxd5 51. Rfxc4 1-0

[Event "*** Titled Tuesday 3|2 Blitz"]
[Site "Chess.com"]
[Date "2016.03.01"]
[Round "2"]
[White "chessking2151"]
[Black "jcgs1030"]
[Result "1-0"]
[WhiteElo "2314"]
[BlackElo "2187"]
[TimeControl "180+2"]
[EndTime "17:20:15 PST"]
[Termination "chessking2151 won by checkmate"]

1. e4 c5 2. Nf3 d6 3. Bb5+ Nd7 4. O-O Nf6 5. Re1 e6 6. b3 Be7 7. Bb2 O-O 8. d4 cxd4 9. Nxd4 a6 10. Bf1 Qc7 11. c4 b6 12. Nc3 Bb7 13. Rc1 Rac8 14.
Qd2 Qb8 15. f3 Rfd8 16. Rcd1 Nc5 17. Qf2 Bf8 18. g4 d5 19. e5 Nfd7 20. cxd5 Nxe5 21. b4 Ncd7 22. dxe6 fxe6 23. Ne4 Bxb4 24. Re3 Nc5 25.
Ng3 Ng6 26. a3 Ba5 27. Bc4 Bd5 28. Bxd5 exd5 29. Ngf5 b5 30. h4 Bb6 31. h5 Nf4 32. Qh2 Nce6 33. Ne7+ Kh8 34. Nxc8 Nxd4 35. Bxd4 Qxc8 36.
Qxf4 Bc7 37. Qg5 Bg3 38. Qxg7# 1-0

[Event "*** Titled Tuesday 3|2 Blitz"]
[Site "Chess.com"]
[Date "2016.03.01"]
[Round "2"]
[White "Izoria123"]
[Black "pKiLz5Rn9b"]
[Result "1-0"]
[WhiteElo "2566"]
[BlackElo "2494"]
[TimeControl "180+2"]
[EndTime "17:20:28 PST"]
[Termination "Izoria123 won by resignation"]

1. e4 e6 2. d4 d5 3. Nc3 Nf6 4. Bg5 Be7 5. e5 Nfd7 6. h4 h6 7. Bxe7 Qxe7 8. f4 O-O 9. Nf3 c5 10. Qd2 Nc6 11. dxc5 f6 12. exf6 Nxf6 13. O-O-O Qxc5 14. Bd3 Nh5 15. Ne2 Qd6 16. g3 e5 17. Nxe5 Nxe5 18. fxe5 Qxe5 19. Rde1 Nxg3 20. Nxg3 Qxg3 21. Rhg1 Qxh4 22. Qg2 Qg5+ 23. Qxg5 hxg5 24. Rxg5 Bd7 25. Rxd5 Bc6 26. Rg5 Rad8 27. Reg1 Rf4 28. Rxg7+ Kf8 29. Rh7 Rd7 30. Rh8+ Ke7 31. b3 Rf2 32. Rg6 Bd5 33. Bb5 Rc7 34. Bd3 Bf7 35. Rg3 a5 36. Rh7 a4 37.
Bc4 axb3 38. axb3 Kf8 39. Bxf7 Rcxf7 40. Rxf7+ Rxf7 41. Re3 Rf6 42. Kb2 Kf7 43. Ka3 Rb6 44. c4 Kf6 45. Ka4 Kf5 46. c5 Rc6 47. Kb5 Kf6 48. b4 Kf7 49. Re1 Rf6 50. Ra1 Ke6 51. Ra7 Rf7 52. Kb6 Kd5 53. Rxb7 Rf6+ 54. Kb5 1-0

[Event "*** Titled Tuesday 3|2 Blitz"]
[Site "Chess.com"]
[Date "2016.03.01"]
[Round "2"]
[White "FrankieJay"]
[Black "chesstatour"]
[Result "0-1"]
[WhiteElo "2226"]
[BlackElo "2003"]
[TimeControl "180+2"]
[EndTime "17:20:28 PST"]
[Termination "chesstatour won on time"]

1. e4 c6 2. d4 d5 3. e5 Bf5 4. Nf3 e6 5. Be2 Nd7 6. O-O c5 7. Be3 Rc8 8. Nc3 Ne7 9. dxc5 Nxc5 10. Nb5 Nc6 11. b4 Nd7 12. a3 a6 13. Nbd4 Bg6 14. Nxc6 Rxc6 15. Rc1 Be7 16. c4 dxc4 17. Rxc4 Rxc4 18. Bxc4 O-O 19. Qb3 Nb6 20. Bxe6 Kh8 21. Rd1 Qc7 22. Rc1 Qb8 23. Bd5 Nxd5 24. Qxd5 Rd8 25.
Qc4 b5 26. Qc6 Qa8 27. h3 Be4 28. Qxa8 Rxa8 29. Nd4 Bd3 30. Rc7 Re8 31. Nc6 Bf8 32.
Rxf7 Kg8 33. Ra7 Be4 34. Rxa6 Bxc6 0-1

[Event "*** Titled Tuesday 3|2 Blitz"]
[Site "Chess.com"]
[Date "2016.03.01"]
[Round "2"]
[White "lionheart95"]
[Black "Zazuliak"]
[Result "0-1"]
[WhiteElo "2346"]
[BlackElo "2354"]
[TimeControl "180+2"]
[EndTime "17:20:33 PST"]
[Termination "Zazuliak won by resignation"]

1. e4 c5 2. Nf3 g6 3. d4 cxd4 4.
Nxd4 Bg7 5. Nc3 Nc6 6. Be3 Nf6 7. Bc4 O-O 8. Bb3 d6 9. f3 Nxd4 10. Bxd4 Be6 11. O-O a6 12. a4 Bxb3 13. cxb3 Nd7 14. Bxg7 Kxg7 15. Qd4+ Kg8 16. a5 Nc5 17. Ra3 Rc8 18. Nd5 Ne6 19. Qd2 Rc5 20. b4 Rc6 21. Rc3 Nc7 22. Rfc1 Nxd5 23. exd5 Rxc3 24. bxc3 Qd7 25.
Qd4 e5 26. dxe6 Qxe6 27. Rd1 Rc8 28. Kf2 Rc6 29. Re1 Qc8 30. Re3 Qd7 31. Qf6 Rc7 32. h4 h5 33. Rd3 Rc6 34. Re3 Rc7 35. Kg3 d5 36. Kf4 Rc6 37. Qd4 Qd6+ 38. Re5 Rc4 39. Ke3 Rxd4 40. Kxd4 Kg7 41. f4 Qc6 42. Rxd5 Qf6+ 43. Kc4 Qxf4+ 44. Rd4 Qc7+ 45. Kd5 Qc6+ 46.
Ke5 f6+ 47. Kf4 Kf7 48. Kg3 Qxc3+ 0-1

[Event "*** Titled Tuesday 3|2 Blitz"]
[Site "Chess.com"]
[Date "2016.03.01"]
[Round "2"]
[White "Iwannabetheguy"]
[Black "Gau_truc_lon"]
[Result "0-1"]
[WhiteElo "2017"]
[BlackElo "2156"]
[TimeControl "180+2"]
[EndTime "17:20:37 PST"]
[Termination "Gau_truc_lon won by resignation"]

1. e4 e6 2. d4 d5 3. Nc3 Nf6 4. Bg5 dxe4 5. Nxe4 Be7 6. Bxf6 Bxf6 7. Nf3 Nd7 8. Bd3 Be7 9. O-O O-O 10. Re1 c5 11.
dxc5 Nxc5 12. Nxc5 Bxc5 13. Qe2 g6 14. Ne5 Qh4 15.
g3 Qg5 16. h4 Qxg3+ 17. Kf1 Qxh4 18. Qf3 f5 19. Rad1 Rb8 20. a4 b6 21. Bc4 Bb7 22. Bxe6+ Kh8 23. Qg3 Qh1+ 24. Ke2 Qe4+ 25. Kd2 Rbd8+ 26.
Kc1 Rxd1+ 27. Rxd1 Qxa4 28. Nf7+ Rxf7 29. Bxf7 Qa1+ 30. Kd2 Qa5+ 31. Qc3+ Qxc3+ 32. Kxc3 Bxf2 33. Rd7 Be4 34. Rxa7 g5 35. Be6 g4 36. Kd2 g3 37.
Ke2 f4 38. Bg4 Bc5 39. Bf3 g2 40. Bxg2 Bxg2 41. Rf7 f3+ 42. Rxf3 Bxf3+ 43. Kxf3 Kg7 44. c3 Kf6 45. b4 Bd6 46. c4 Bxb4 47. Kf4 Bc5 48.
Kf3 Kf5 49. Kg3 Ke4 50. Kh3 Kd4 51. Kg2 Kxc4 0-1

[Event "*** Titled Tuesday 3|2 Blitz"]
[Site "Chess.com"]
[Date "2016.03.01"]
[Round "2"]
[White "MMSANCHEZ"]
[Black "davidarenas1224"]
[Result "0-1"]
[WhiteElo "2264"]
[BlackElo "2187"]
[TimeControl "180+2"]
[EndTime "17:20:46 PST"]
[Termination "davidarenas1224 won by checkmate"]

1. d4 Nf6 2. Nf3 g6 3. c4 Bg7 4. Nc3 O-O 5. e4 d6 6. h3 e5 7. d5 a5 8. Bg5 Na6 9. g4 Qe8 10. Nd2 Nd7 11. Bd3 Nb6 12. Qe2 Bd7 13.
O-O-O Nc5 14. Bc2 c6 15. h4 cxd5 16. cxd5 Rc8 17. Be3 Nba4 18. Nxa4 Bxa4 19. b3 Bb5 20. Nc4 a4 21. Kb2 axb3 22. axb3 Na4+ 23. bxa4 Bxc4 24. Qd2 b5 25. a5 b4 26. Qxb4 Bf6 27. h5 Qd7 28. f3 Bd8 29. Ba4 Qe7 30. Rc1 Ba6 31.
Rxc8 Bxc8 32. Rc1 Ba6 33. Rc6 Be2 34. Bb6 Qh4 35. Rc8 Bxf3 36. Qxd6 Be7 37. Rxf8+ Bxf8 38. Qb8 Qh2+ 39. Kb3 Bd1+ 40. Kc4 Qe2+ 41. Kc3 Bxa4 42.
a6 Qc2# 0-1